 Dungeon Crawl Stone Soup version 0.19-a0-1803-g97ff39f (webtiles) character file.

22319 Naow the Severer (level 12, -2/181 HPs)
             Began as a Minotaur Berserker on Oct 5, 2016.
             Was a High Priest of Trog.
             Shot with an arrow by a centaur warrior (16 damage)
             ... on level 13 of the Dungeon.
             The game lasted 00:26:02 (14106 turns).

Naow the Severer (Minotaur Berserker)              Turns: 14106, Time: 00:26:03

Health: -2/181     AC: 20    Str: 27    XL:     12   Next: 62%
Magic:  3/3        EV: 11    Int:  8    God:    Trog [*****.]
Gold:   724        SH:  0    Dex: 11    Spells: 0 memorised, 11 levels left

rFire  . . .     SeeInvis .     P - +3 executioner's axe (antimagic)
rCold  . . .     Gourm    .     D - +0 plate armour
rNeg   . . .     Faith    +     (shield currently unavailable)
rPois  .         Spirit   .     (helmet restricted)
rElec  .         Dismiss  .     y - +0 cloak
rCorr  .         Reflect  .     Q - +0 pair of gloves
MR     ++...     Harm     .     o - +0 pair of boots
Stlth  ..........               s - amulet of faith
                                J - +6 ring of protection
                                K - +3 ring of evasion

@: berserking, regenerating, very quick
A: retaliatory headbutt, horns 2
a: Berserk, Trog's Hand, Brothers in Arms, Burn Spellbooks, Renounce Religion


You were on level 13 of the Dungeon.
You worshipped Trog.
Trog was extremely pleased with you.
You were hungry.

You visited 1 branch of the dungeon, and saw 13 of its levels.

You collected 724 gold pieces.

Inventory:

Hand Weapons
 P - a +3 antimagic executioner's axe (weapon)
 Z - a +3 antimagic broad axe
Armour
 o - a +0 pair of boots (worn)
 y - a +0 cloak (worn)
 D - a +0 plate armour (worn)
 Q - a +0 pair of gloves (worn)
 T - a +2 buckler
Rods
 W - a +1 rod of shadows (10/10)
   (You took it off an orc wizard on level 10 of the Dungeon)
Jewellery
 s - an amulet of faith (around neck)
 A - a +5 ring of dexterity
 F - an uncursed amulet of regeneration {unknown}
 G - an uncursed ring of flight
 I - an uncursed amulet of guardian spirit {unknown}
 J - a +6 ring of protection (right hand)
 K - a +3 ring of evasion (left hand)
 L - a cursed amulet of inaccuracy {unknown}
Wands
 U - a wand of lightning (5/15)
 X - a wand of lightning (8/15)
Scrolls
 f - 2 scrolls of magic mapping
 l - 6 scrolls of remove curse
 n - 12 scrolls of identify {unknown}
 p - 4 scrolls of blinking {unknown}
 r - 4 scrolls of recharging {unknown}
 t - 4 scrolls of enchant weapon {unknown}
 v - a scroll of random uselessness {unknown}
 w - a scroll of amnesia {unknown}
 B - 3 scrolls of enchant armour {unknown}
 H - 5 scrolls of teleportation {unknown}
 M - a scroll of immolation {unknown}
 N - a scroll of noise {unknown}
 S - 4 scrolls of fear {unknown}
 V - 2 scrolls of brand weapon {unknown}
 Y - a scroll of holy word {unknown}
Potions
 d - a potion of ambrosia {unknown}
 e - 2 potions of might {unknown}
 i - 4 potions of heal wounds {unknown}
 j - a potion of cancellation {unknown}
 m - 2 potions of flight {unknown}
 q - 7 potions of curing {unknown}
 u - a potion of invisibility {unknown}
 C - a potion of haste {unknown}
 E - a potion of brilliance {unknown}
 O - 4 potions of lignification {unknown}
 R - a potion of degeneration {unknown}
Books
 a - the Tome of Warped Transformation
   (You found it on level 10 of the Dungeon)

   Spells                             Type                      Level
   a - Shroud of Golubria             Charms/Translocation         2
   b - Passwall                       Transmutation/Earth          2
   c - Ignite Poison                  Fire/Transmutation/Poison    3
   d - Lesser Beckoning               Translocation                3
   e - Ice Form                       Ice/Transmutation            4
   f - Hydra Form                     Transmutation                6
   Trog disapproves of the use of such an item.
 b - a book of Conjurations

   Spells                             Type                      Level
   a - Magic Dart                     Conjuration                  1
   b - Searing Ray                    Conjuration                  2
   c - Dazzling Spray                 Conjuration/Hexes            3
   d - Fulminant Prism                Conjuration/Hexes            4
   e - Iskenderun's Mystic Blast      Conjuration                  4
   f - Iskenderun's Battlesphere      Conjuration/Charms           5
   Trog disapproves of the use of such an item.
Comestibles
 c - 6 bread rations
 g - 10 fruits
 h - 8 royal jellies
 k - 2 slices of pizza
 x - 4 meat rations


   Skills:
 + Level 15.3 Fighting
 - Level 18.6 Axes
 - Level 2.6 Armour
 - Level 2.3 Dodging


You had 11 spell levels left.
You didn't know any spells.

Dungeon Overview and Level Annotations

Branches:
Dungeon (13/15)            Temple (0/1) D:7            Lair (0/6) D:10
    Orc (0/2) D:9
 Vaults: D:13-14

Altars:
Ashenzari
Gozag
Hepliaklqana
Kikubaaqudgha
Qazlal
Sif Muna
Vehumet
Xom
Zin

Shops:
D:8 *   D:9 (   D:10 }

Annotations:
D:5 1 runed door


Innate Abilities, Weirdness & Mutations

You reflexively headbutt those who attack you in melee.
You have a pair of horns on your head.


Message History

The centaur warrior shouts!
You slice the yak!! You headbutt the yak.
You feel the power of Trog in you as your rage grows.
You kill the yak!
Trog accepts your kill.
You carve the kobold like a ham!!!
You kill the kobold!
Trog accepts your kill.
The centaur shoots an arrow.
The arrow hits you but does no damage.
The centaur shoots an arrow.
The arrow hits you.
* * * LOW HITPOINT WARNING * * *
You slice the centaur!!
You kill the centaur!
Trog accepts your kill.
You slash the centaur! You barely miss the centaur warrior.
The centaur warrior unwields an uncursed shortbow.
The centaur warrior hits you but does no damage.
The centaur warrior wields a longbow.
The centaur warrior shoots an arrow.
The arrow hits you!
You die...

.c...........##
..............#
..............#
..............#
..............#
....)..<.Y....#
......o.Yc)...#
........ccc..##
.....##.c(@(##
##..# ####)##
#... ..# #.#
..## #. #?. ..#
.c# #.#


You could see 2 centaur warriors, 2 yaks, 4 centaurs and an orc.

Vanquished Creatures
  The ghost of ScarCow the Fencer, a journeyman HuFi of Elyvilon (D:12)
  3 hill giants
  The ghost of cortexin the Covert, a novice SpAs of Dithmenos (D:9)
  An ugly thing (D:9)
  A manticore (D:11)
  The ghost of Proteus the Unseen, a novice SpAs of Okawaru (D:7)
  A gargoyle (D:11)
  A queen bee (D:8)
  5 trolls
  A polar bear (D:12)
  A slime creature (D:12)
  2 two-headed ogres
  Prince Ribbit (D:5)
  5 hippogriffs
  A centaur simulacrum (D:12)
  A water elemental (D:12)
  28 yaks
  A wraith (D:10)
  2 wyverns
  2 steam dragons
  A mottled dragon (D:9)
  2 soldier ants (D:5)
  The ghost of cortexin the Cutter, an amateur SpAK of Lugonu (D:5)
  A water moccasin (D:7)
  2 phantoms
  A black bear (D:10)
  3 orc warriors
  8 ice beasts
  A sky beast (D:5)
  5 wolves
  A necrophage (D:11)
  5 centaurs
  4 ogres
  3 big kobolds
  A crocodile (D:12)
  4 bullfrogs
  A gnoll sergeant (D:7)
  A wyvern zombie (D:12)
  2 wyvern skeletons
  A scorpion (D:9)
  22 killer bees
  12 wights
  3 howler monkeys
  6 electric eels
  10 crimson imps
  2 centaur zombies
  A quasit (D:12)
  2 bullfrog zombies (D:12)
  3 jellies
  10 orc priests
  12 hounds
  9 orc wizards
  Crazy Yiuf (D:3)
  3 bullfrog skeletons
  A centaur skeleton (D:8)
  4 iguanas
  22 worker ants
  A killer bee zombie (D:9)
  A hound zombie (D:7)
  A howler monkey zombie (D:9)
  A worker ant zombie (D:10)
  5 gnolls
  10 adders
  3 shadow imps
  A white imp (D:12)
  An adder zombie (D:6)
  An ooze (D:1)
  An adder skeleton (D:6)
  5 worms
  4 dart slugs
  11 leopard geckos
  39 orcs
  5 bats
  A bat zombie (D:4)
  12 giant cockroaches
  12 goblins
  7 hobgoblins
  11 jackals
  21 kobolds
  4 quokkas
  2 frilled lizards
  8 rats
  2 rat zombies (D:4)
  A butterfly (D:5)
402 creatures vanquished.

Vanquished Creatures (collateral kills)
  3 slime creatures (D:12)
  6 yaks (D:12)
  A steam dragon (D:9)
  An ice beast (D:12)
  An ogre (D:12)
  A wolf (D:12)
  A gnoll sergeant (D:12)
  A hornet simulacrum (D:12)
  A crimson imp (D:9)
  2 jellies
  4 gnolls (D:12)
22 creatures vanquished.

Vanquished Creatures (others)
  An unseen horror (D:13)
1 creature vanquished.

Grand Total: 425 creatures vanquished

Notes
Turn   | Place    | Note
-------+----------+-------------------------------------------
     0 | D:1      | Naow the Minotaur Berserker began the quest for the Orb.
     0 | D:1      | Reached XP level 1. HP: 19/19 MP: 0/0
   157 | D:1      | Reached XP level 2. HP: 20/27 MP: 1/1
   167 | D:1      | Reached skill level 4 in Axes
   425 | D:1      | Reached XP level 3. HP: 20/33 MP: 2/2
   518 | D:1      | Reached skill level 5 in Axes
   609 | D:2      | Reached ** piety under Trog
   747 | D:2      | Found a radiant altar of Vehumet.
   940 | D:2      | Reached XP level 4. HP: 28/40 MP: 3/3
  1191 | D:2      | Reached skill level 6 in Axes
  1598 | D:3      | Reached *** piety under Trog
  1600 | D:3      | Reached XP level 5. HP: 26/46 MP: 4/4
  1606 | D:3      | Reached skill level 7 in Axes
  2147 | D:3      | Found a runed door.
  2270 | D:3      | Noticed Crazy Yiuf
  2279 | D:3      | Killed Crazy Yiuf
  2279 | D:3      | Reached skill level 8 in Axes
  2279 | D:3      | Reached XP level 6. HP: 49/52 MP: 5/5
  3438 | D:4      | Found an ancient bone altar of Kikubaaqudgha.
  3613 | D:5      | Entered Level 5 of the Dungeon
  3624 | D:5      | Noticed cortexin's ghost (amateur SpAK)
  3657 | D:5      | Killed cortexin's ghost
  3657 | D:5      | Reached skill level 9 in Axes
  3668 | D:5      | Reached XP level 7. HP: 38/58 MP: 6/6
  3704 | D:5      | Found an opulent altar of Gozag.
  3873 | D:5      | Found a shimmering altar of Xom.
  3970 | D:5      | Found a hazy altar of Hepliaklqana.
  3981 | D:5      | Reached skill level 10 in Axes
  4111 | D:5      | Found a runed door.
  4156 | D:5      | Found a runed door.
  4180 | D:5      | Reached skill level 11 in Axes
  4184 | D:5      | Reached XP level 8. HP: 66/66 MP: 7/7
  4306 | D:5      | Reached skill level 12 in Axes
  4388 | D:5      | Reached **** piety under Trog
  4739 | D:5      | Noticed Prince Ribbit
  4761 | D:5      | Killed Prince Ribbit
  4845 | D:5      | Found a shattered altar of Ashenzari.
  5118 | D:6      | Reached skill level 13 in Axes
  5249 | D:6      | Found a deep blue altar of Sif Muna.
  5665 | D:7      | Noticed Proteus's ghost (novice SpAs)
  5670 | D:7      | Noticed a hill giant
  5685 | D:7      | Killed Proteus's ghost
  5685 | D:7      | Reached skill level 14 in Axes
  5685 | D:7      | Reached XP level 9. HP: 71/71 MP: 8/8
  5692 | D:7      | Killed a hill giant
  6099 | D:7      | Found a staircase to the Ecumenical Temple.
  6202 | D:7      | Reached skill level 15 in Axes
  6533 | D:7      | Reached ***** piety under Trog
  7161 | D:8      | Reached skill level 16 in Axes
  7323 | D:8      | Found Inwuta's General Store.
  7407 | D:8      | Reached XP level 10. HP: 62/78 MP: 9/9
  7658 | D:8      | Reached skill level 17 in Axes
  7719 | D:9      | Noticed cortexin's ghost (novice SpAs)
  7731 | D:9      | Killed cortexin's ghost
  8034 | D:9      | Received a gift from Trog
  8050 | D:9      | Found a staircase to the Orcish Mines.
  8695 | D:9      | Found a glowing silver altar of Zin.
  8699 | D:9      | Reached skill level 18 in Axes
  8838 | D:9      | Found Badaniam's Antique Weapon Shop.
  8861 | D:9      | Noticed a purple ugly thing
  8870 | D:9      | Killed a purple ugly thing
  9254 | D:10     | Entered Level 10 of the Dungeon
  9269 | D:10     | Reached XP level 11. HP: 75/84 MP: 10/10
  9325 | D:10     | Reached skill level 5 in Fighting
  9627 | D:10     | Found a stormy altar of Qazlal.
  9638 | D:10     | Found a staircase to the Lair.
 10079 | D:10     | Received a gift from Trog
 10767 | D:10     | Identified the Tome of Warped Transformation
 11051 | D:10     | Found Camnuyv's Gadget Shop.
 11684 | D:11     | Noticed a hill giant
 11696 | D:11     | Killed a hill giant
 11696 | D:11     | Reached skill level 10 in Fighting
 12305 | D:11     | Received a gift from Trog
 13139 | D:12     | Reached XP level 12. HP: 113/113 MP: 3/11
 13169 | D:12     | Noticed ScarCow's ghost (journeyman HuFi)
 13185 | D:12     | Killed ScarCow's ghost
 14096 | D:13     | Noticed a centaur warrior
 14101 | D:13     | Reached skill level 15 in Fighting
 14105 | D:13     | Noticed a centaur warrior
 14106 | D:13     | Shot with an arrow by a centaur warrior

Vault maps used:
D:1:      lightli_arrival_boilingwater
D:2:      minmay_wonky_spiral, overflow_temple_1_default
D:3:      first_bread, uniq_crazy_yiuf_cottage
D:4:      lemuel_zombie_altar_kikubaaqudgha, eino_small_chamber_without_monster
D:5:      lemuel_insect_pit, led_xom_imps, old_standard_altar,
          ashenzari_altar_1, nicolae_gozag_cash_rules_everything_around_me,
          hangedman_abyss_or_decor_slice, uniq_prince_ribbit1
D:6:      marbit_many_paths, minmay_unpleasant_kobolds
D:7:      kennysheep_steamy
D:8:      serial_shops, shop, david_nohive_1, kennysheep_generic_room_16
D:9:      david_orc_3, serial_shops, kennysheep_little_box, lemuel_tele_altar
D:10:     erik_lair_island, serial_shops, shop_fountains, roderic_lattice_a,
          grunt_qazlal_clouds
D:12:     serial_ice, serial_ice_e, serial_ice_m, serial_ice_l, serial_ice_n,
          serial_ice_d
D:13:     david_vaults_2, portal_ice_cave_entry_imps, basic_altar, uniq_kirke

Skill      XL: |  1  2  3  4  5  6  7  8  9 10 11 12 |
---------------+-------------------------------------+-----
Axes           | 4 5 6 8 9 11 14 16 18 | 18.6
Fighting       | 4 12 15 | 15.3
Armour         | |  2.6
Dodging        | |  2.3

Action                   |  1- 3 |  4- 6 |  7- 9 | 10-12 || total
-------------------------+-------+-------+-------+-------++-------
Melee: Hand axe          |    79 |   200 |   330 |   104 ||   713
       Headbutt          |    12 |    33 |    85 |   110 ||   240
       Battleaxe         |       |       |       |   283 ||   283
       Executioner's axe |       |       |       |   165 ||   165
Invok: Berserk           |     1 |     4 |     6 |    11 ||    22
       Trog's Hand       |       |     3 |     2 |     8 ||    13
       Brothers in Arms  |       |       |       |     3 ||     3
  Use: Scroll            |       |     2 |       |       ||     2
 Stab: Sleeping          |       |     2 |       |       ||     2
  Eat: Chunk             |     1 |    13 |    19 |    32 ||    65
       Fruit             |       |     1 |       |     2 ||     3
       Beef jerky        |       |       |       |     1 ||     1
Armor: Animal skin       |     7 |    18 |       |       ||    25
       Plate armour      |       |    31 |   145 |   320 ||   496
       Ring mail         |       |     2 |       |       ||     2
Dodge: Dodged            |    49 |    84 |    87 |   224 ||   444
